 Dungeon Crawl Stone Soup version 0.29.1-12-g30fa7ad0bf (webtiles) character file.

Game seed: 10315954082253695144

1873 IcyTea the Cudgeller (level 9, 0/67 (74) HPs)
             Began as a Gnoll Cinder Acolyte on Dec 25, 2022.
             Was a High Priest of Ignis.
             Slain by a wight
             ... wielding a +0 short sword
              (2 damage)
             ... on level 6 of the Dungeon.
             The game lasted 00:19:30 (7287 turns).

IcyTea the Cudgeller (Gnoll Cinder Acolyte)         Turns: 7287, Time: 00:19:31

HP:   0/67 (74)     AC:  9    Str: 13 (14) XL:     9   Next: 14%
MP:   9/16          EV:  9    Int: 18      God:    Ignis [*****.]
Gold: 452           SH:  0    Dex:  4 (7)  Spells: 16/18 levels left

rFire   + . .      SeeInvis .   a - +0 morningstar
rCold   + . .      Faith    .   (no shield)
rNeg    . . .      Spirit   .   d - +0 scale mail
rPois   .          Reflect  .   (no helmet)
rElec   .          Harm     .   m - +0 cloak
rCorr   .          Rampage  .   B - +0 pair of gloves
Will    .....                   (no boots)
Stlth   +.........              C - amulet of magic regeneration
HPRegen 0.21/turn               E - ring of protection from cold
MPRegen 0.55/turn               (no ring)

@: drained
A: fangs 1, strong nose, distributed training
a: Renounce Religion, Fiery Armour, Foxfire Swarm, Rising Flame


You were on level 6 of the Dungeon.
You worshipped Ignis.
Ignis was extremely pleased with you.
You visited 2 branches of the dungeon, and saw 8 of its levels.

You collected 452 gold pieces.

Inventory:

Hand Weapons
 a - a +0 morningstar (weapon)
 p - a -1 mace of flaming
Missiles
 l - 11 poisoned darts
 w - 5 silver javelins
Armour
 d - a +0 scale mail (worn)
 e - a scarf of repulsion
 m - a +0 cloak (worn)
 B - a +0 pair of gloves (worn)
Magical Staves
 k - a staff of death
Jewellery
 C - an amulet of magic regeneration (around neck)
 E - a ring of protection from cold (left hand)
Wands
 q - a wand of paralysis (14)
Scrolls
 h - 2 scrolls of silence
 o - 3 scrolls of teleportation
 r - a scroll of summoning
 x - a scroll of poison {unknown}
 A - a scroll of magic mapping {unknown}
Potions
 b - 5 potions of brilliance
 c - 3 potions of haste {unknown}
 f - 2 potions of cancellation {unknown}
 i - a potion of invisibility {unknown}
 j - a potion of attraction
 n - a potion of flight
 s - a potion of resistance {unknown}
 u - 2 potions of heal wounds
 v - a potion of might {unknown}
 z - 2 potions of magic {unknown}
 D - a potion of ambrosia {unknown}
 F - a potion of mutation {unknown}
Miscellaneous
 y - a piece from Xom's chessboard (15/15)


   Skills:
 + Level 7.8 Fighting
 + Level 4.1 Short Blades
 + Level 4.1 Long Blades
 + Level 4.1 Axes
 + Level 7.8 Maces & Flails
 + Level 4.1 Polearms
 + Level 4.1 Staves
 + Level 4.1 Ranged Weapons
 + Level 4.1 Throwing
 + Level 4.1 Armour
 + Level 4.1 Dodging
 + Level 4.1 Stealth
 + Level 4.1 Shields
 + Level 4.1 Unarmed Combat
 + Level 5.0 Spellcasting
 + Level 3.3 Conjurations
 + Level 3.3 Hexes
 + Level 3.3 Summonings
 + Level 3.3 Necromancy
 + Level 3.3 Translocations
 + Level 3.3 Transmutations
 + Level 6.5 Fire Magic
 + Level 3.3 Ice Magic
 + Level 3.3 Air Magic
 + Level 3.3 Earth Magic
 + Level 3.3 Poison Magic
 + Level 4.5 Invocations
 + Level 4.1 Evocations


You had 16 spell levels left.
You knew the following spells:

 Your Spells              Type           Power      Damage    Failure   Level
a - Scorch                Fire           56%        2d8       6%          2

Your spell library contained the following spells:

 Spells                   Type           Power      Damage    Failure   Level
 Sublimation of Blood     Necr           16%        N/A       22%         2
 Petrify                  Tmut/Erth      16%        N/A       82%         4
 Irradiate                Conj/Tmut      8%         3d14      99%         5


Dungeon Overview and Level Annotations

Branches:
Dungeon (7/15)             Temple (1/1) D:4

Altars:
Ashenzari
Cheibriados
Dithmenos
Elyvilon
Fedhas
Gozag
Hepliaklqana
Kikubaaqudgha
Makhleb
Nemelex Xobeh
Okawaru
Ru
Sif Muna
Trog
Uskayaw
Vehumet
Wu Jian
Xom
Yredelemnul
Zin
The Shining One


Innate Abilities, Weirdness & Mutations

You have very sharp teeth.
Your uncanny sense of smell can sniff out nearby items.
Your experience applies equally to all skills.


Message History

The wight hits you with a +0 short sword.
You feel drained.
A wight comes into view. It is wielding a +3 trident.
Casting: Scorch (safe; 6% risk of failure)
Press: ? - help, Q - select action, (/) - cycle Dir - look around, f - activate Flames lash the wight.
The wight is moderately damaged.
The wight's fire resistance burns away.
The wight hits you with a +1 battleaxe!
The wight hits you with a +0 short sword.
The wight hits you from afar with a +3 trident!
You feel drained.
The wight is no longer more vulnerable to fire.
The wight closely misses you.
There is a stone staircase leading up here.
The wight hits you with a +1 battleaxe.
The wight hits you with a +0 short sword.
You feel drained.
The wight hits you from afar with a +3 trident.
You climb upwards.
There is a stone staircase leading down here.
Casting: Scorch (safe; 6% risk of failure)
Press: ? - help, Q - select action, (/) - cycle Dir - look around, f - activate Flames lash the wight.
The wight is moderately damaged.
The wight's fire resistance burns away.
The wight hits you with a +1 battleaxe!
* * * LOW HITPOINT WARNING * * *
The wight hits you but does no damage.
Casting: Scorch (safe; 6% risk of failure)
Press: ? - help, Q - select action, (/) - cycle Dir - look around, f - activate Flames lash the wight.
The wight is heavily damaged.
The wight's fire resistance burns away.
The wight hits you with a +1 battleaxe!
* * * LOW HITPOINT WARNING * * *
You feel drained.
* * * LOW HITPOINT WARNING * * *
The wight hits you with a +0 short sword.
You die...

#..................#
#..................#
#..................#
#..................#
######...######.####..###
#..(...########.####.....
#.......................#
#.......zz#.............#
#.......@.#.............#
#.........#.............#
#########################


You could see 2 wights.

Vanquished Creatures
  A water moccasin (D:6)
  An orc warrior (D:6)
  2 black bears
  A sky beast (D:6)
  An ice beast (D:6)
  3 phantoms
  2 scorpions
  A necrophage (D:3)
  A wight (D:7)
  A howler monkey (D:4)
  2 jellies
  4 orc priests
  5 hounds
  3 iguanas
  6 orc wizards (D:6)
  6 gnolls
  7 adders
  A shadow imp (D:5)
  5 worms
  3 dart slugs
  21 orcs
  8 endoplasms
  A giant cockroach (D:1)
  6 goblins
  4 hobgoblins
  2 jackals (D:4)
  2 quokkas (D:4)
  4 ball pythons
  3 bats
  2 frilled lizards
  5 kobolds
  4 rats
118 creatures vanquished.

Notes
Turn   | Place    | Note
-------+----------+-------------------------------------------
     0 | D:1      | IcyTea the Gnoll Cinder Acolyte began the quest for the
                  | Orb.
     0 | D:1      | Reached XP level 1. HP: 23/23 MP: 4/4
   246 | D:1      | Reached XP level 2. HP: 25/29 MP: 5/5
   253 | D:1      | Learned a level 2 spell: Scorch
   253 | D:1      | Found a faded altar of an unknown god.
   623 | D:1      | Reached XP level 3. HP: 32/35 MP: 7/7
   877 | D:2      | Reached skill level 1 in Invocations
   923 | D:2      | Reached skill level 1 in Short Blades
   923 | D:2      | Reached skill level 1 in Long Blades
   923 | D:2      | Reached skill level 1 in Axes
   923 | D:2      | Reached skill level 1 in Polearms
   923 | D:2      | Reached skill level 1 in Staves
   923 | D:2      | Reached skill level 1 in Ranged Weapons
   923 | D:2      | Reached skill level 1 in Throwing
   923 | D:2      | Reached skill level 1 in Armour
   923 | D:2      | Reached skill level 1 in Dodging
   923 | D:2      | Reached skill level 1 in Stealth
   923 | D:2      | Reached skill level 1 in Shields
   923 | D:2      | Reached skill level 1 in Unarmed Combat
   923 | D:2      | Reached skill level 1 in Evocations
  1047 | D:2      | Reached XP level 4. HP: 30/41 MP: 1/8
  1988 | D:2      | Reached skill level 1 in Conjurations
  1988 | D:2      | Reached skill level 1 in Hexes
  1988 | D:2      | Reached skill level 1 in Summonings
  1988 | D:2      | Reached skill level 1 in Necromancy
  1988 | D:2      | Reached skill level 1 in Translocations
  1988 | D:2      | Reached skill level 1 in Transmutations
  1988 | D:2      | Reached skill level 1 in Ice Magic
  1988 | D:2      | Reached skill level 1 in Air Magic
  1988 | D:2      | Reached skill level 1 in Earth Magic
  1988 | D:2      | Reached skill level 1 in Poison Magic
  2238 | D:3      | Reached XP level 5. HP: 22/47 MP: 9/9
  2754 | D:3      | Found a snail-covered altar of Cheibriados.
  3354 | D:4      | Reached XP level 6. HP: 51/53 MP: 8/11
  3380 | D:4      | Noticed a black bear
  3385 | D:4      | Killed a black bear
  3560 | D:4      | Reached XP level 7. HP: 48/60 MP: 9/12
  3998 | D:4      | Found a shimmering altar of Xom.
  4047 | D:4      | Found a hazy altar of Hepliaklqana.
  4370 | D:4      | Found a staircase to the Ecumenical Temple.
  4379 | Temple   | Entered the Ecumenical Temple
  4504 | D:5      | Entered Level 5 of the Dungeon
  5368 | D:5      | Reached XP level 8. HP: 60/67 MP: 2/14
  6316 | D:6      | Found a hide-covered altar of Uskayaw.
  6316 | D:6      | Found a glowing silver altar of Zin.
  6614 | D:6      | Reached XP level 9. HP: 73/73 MP: 16/16
  6754 | D:6      | Reached skill level 5 in Spellcasting
  7287 | D:6      | HP: 2/67 [wight/+1 battleaxe (2)]
  7287 | D:6      | Slain by a wight

Illustrated notes

Levels and vault maps discovered:
D:1:      dpeg_arrival_erosion, layout_basic, chequers_ecumenical_altar_simple
D:2:      layout_basic, roderic_lattice_a
D:3:      layout_basic, marbit_many_paths
D:4:      layout_rooms, kennysheep_mini_moat, xom_butterflies,
          lemuel_temple_firewalk_b, chequers_avenue
D:5:      layout_loops_corners
D:6:      layout_gridville, jmf_multi_god_temple, minmay_misc_feat_nine_boxes,
          grunt_decor_junction
D:7:      layout_cave_pools, minivault_25, uniq_crazy_yiuf_cottage
Temple:   nicolae_temple_bog_church

Skill      XL: |  1  2  3  4  5  6  7  8  9 |
---------------+----------------------------+-----
Invocations    | 1 2 3 4 |  4.5
Short Blades   | 1 2 3 4 |  4.1
Long Blades    | 1 2 3 4 |  4.1
Axes           | 1 2 3 4 |  4.1
Polearms       | 1 2 3 4 |  4.1
Staves         | 1 2 3 4 |  4.1
Ranged Weapons | 1 2 3 4 |  4.1
Throwing       | 1 2 3 4 |  4.1
Armour         | 1 2 3 4 |  4.1
Dodging        | 1 2 3 4 |  4.1
Stealth        | 1 2 3 4 |  4.1
Shields        | 1 2 3 4 |  4.1
Unarmed Combat | 1 2 3 4 |  4.1
Evocations     | 1 2 3 4 |  4.1
Spellcasting   | 3 4 5 |  5.0
Conjurations   | 1 2 3 |  3.3
Hexes          | 1 2 3 |  3.3
Summonings     | 1 2 3 |  3.3
Necromancy     | 1 2 3 |  3.3
Translocations | 1 2 3 |  3.3
Transmutations | 1 2 3 |  3.3
Ice Magic      | 1 2 3 |  3.3
Air Magic      | 1 2 3 |  3.3
Earth Magic    | 1 2 3 |  3.3
Poison Magic   | 1 2 3 |  3.3
Fighting       | 7 |  7.8
Maces & Flails | 7 |  7.8
Fire Magic     | 6 |  6.5

Action                   |  1- 3 |  4- 6 |  7- 9 || total
-------------------------+-------+-------+-------++-------
Melee: Mace              |    53 |    39 |       ||    92
       Bite              |     1 |     8 |    13 ||    22
       Punch             |     1 |       |     9 ||    10
       Morningstar       |       |    74 |   145 ||   219
 Cast: Scorch            |     6 |    15 |    94 ||   115
Invok: Fiery Armour      |       |       |     2 ||     2
  Use: Scroll            |       |     7 |       ||     7
       Potion            |       |       |     7 ||     7
Armor: Scale mail        |    27 |    53 |   120 ||   200
       Robe              |     1 |       |       ||     1
Dodge: Dodged            |    25 |    35 |    85 ||   145
       Repelled          |       |     1 |       ||     1
